 Dungeon Crawl Stone Soup version 0.30-a0-629-gd54f4be4f7 (webtiles) character file.

Game seed: 7179233859463852016

107 acebull12 the Shield-Bearer (level 4, -4/35 HPs)
             Began as a Demonspawn Fighter on Jan 12, 2023.
             Slain by Ijyb
             ... wielding a +0 dagger
              (7 damage)
             ... on level 2 of the Dungeon.
             The game lasted 00:03:50 (2206 turns).

acebull12 the Shield-Bearer (Demonspawn Fighter)    Turns: 2206, Time: 00:03:50

Health: -4/35      AC:  8    Str: 18    XL:     4   Next: 57%
Magic:  4/4        EV:  9    Int: 10    God:
Gold:   163        SH:  4    Dex: 12    Spells: 3/3 levels left

rFire   . . .      SeeInvis .    a - +0 long sword
rCold   . . .      Faith    .    c - +0 buckler
rNeg    . . .      Spirit   .    b - +0 scale mail
rPois   .          Reflect  .    (no helmet)
rElec   .          Harm     .    (no cloak)
rCorr   .          Rampage  .    k - +0 pair of gloves
Will    .....                    (no boots) Stlth
                                 (no amulet)
HPRegen 0.25/turn                (no ring)
MPRegen 0.09/turn                (no ring)

@: no status effects
A: spiny 1
a: no special abilities


You were on level 2 of the Dungeon.
You visited 1 branch of the dungeon, and saw 3 of its levels.

You collected 163 gold pieces.

Inventory:

Hand Weapons
 a - a +0 long sword (weapon)
Missiles
 h - a throwing net (quivered)
 m - 3 stones
 u - 2 curare-tipped darts
Armour
 b - a +0 scale mail (worn)
 c - a +0 buckler (worn)
 k - a +0 pair of gloves (worn)
Jewellery
 f - a ring of protection from cold
 p - an amulet of faith
Scrolls
 i - a scroll of brand weapon {unknown}
 j - 2 scrolls of identify {unknown}
 o - a scroll of amnesia {unknown}
 q - a scroll of teleportation {unknown}
 r - a scroll of fog {unknown}
 t - a scroll of enchant weapon {unknown}
Potions
 d - a potion of might
 e - 2 potions of lignification {unknown}
 g - 3 potions of curing {unknown}
 l - 3 potions of cancellation {unknown}
 n - a potion of haste {unknown}
 s - a potion of mutation {unknown}
 v - a potion of degeneration {unknown}


   Skills:
 + Level 3.2 Fighting
 * Level 2.7 Long Blades
 * Level 3.4 Armour
 + Level 0.2 Dodging
 + Level 0.5 Stealth
 * Level 3.4 Shields


You had 3 spell levels left.
You didn't know any spells.
Your spell library was empty.

Dungeon Overview and Level Annotations

Branches:
Dungeon (3/15)

Altars:

Annotations:
D:2 Ijyb
D:3 Robin


Innate Abilities, Weirdness & Mutations

You are partially covered in sharp spines.


Message History

You kill the goblin!
You feel sick. The hobgoblin is struck by your spines. The hobgoblin hits you.
* * * LOW HITPOINT WARNING * * *
The hobgoblin closely misses you. Robin hits you but does no damage.
The hobgoblin attacks as you move away!
The hobgoblin hits you but does no damage.
You feel sick.
You are no longer poisoned.
You see here a +0 club.
Robin says, "My army is invincible!"
The hobgoblin attacks as you move away! The hobgoblin hits you.
* * * LOW HITPOINT WARNING * * *
The hobgoblin attacks as you move away! The hobgoblin barely misses you.
Robin roars a battlecry!
The hobgoblin goes into a battle-frenzy!
The hobgoblin attacks as you move away! The hobgoblin barely misses you.
Ijyb the Twisted Goblin comes into view.
She is wielding a +0 dagger, wearing a +3 scale mail of fire resistance and carrying a wand of digging (1).
Ijyb shouts!
Ijyb zaps a wand.
Some rock shatters into small pieces.
The now-empty wand crumbles to dust.
The hobgoblin no longer looks unusually strong.
Robin roars a battlecry!
The hobgoblin goes into a battle-frenzy!
The hobgoblin attacks as you move away! The hobgoblin hits you.
* * * LOW HITPOINT WARNING * * *
The hobgoblin attacks as you move away! The hobgoblin is struck by your spines.
You kill the hobgoblin!
There is an escape hatch in the ceiling here.
Robin roars a battlecry!
Ijyb goes into a battle-frenzy!
Ijyb hits you with a +0 dagger.
* * * LOW HITPOINT WARNING * * *
A mysterious force pulls you upwards. The hatch slams shut behind you.
You hit Ijyb.
Ijyb is lightly wounded.
You block Ijyb's attack.
You hit Ijyb.
Ijyb is lightly wounded.
Ijyb hits you with a +0 dagger!
You die...

# #.# #......#.#.# #.#####...
# #)# #..........# #........<
# #.#
#.####.########..####... #
#)# #.# #............# #.#. #
#.####.###...#####....# #.#.
#.....................####.#.
#............#####.....#.....
#.####.####..# #..###..#.##
#####.# #.# #g@# #.## ##.#.#
......# #.# #..# #.# #>..#
##########.# #..#####>##
##.### ...........#
#..##.....###..####
############
#.....###.......†..
##.######.#########
#........# ##########


You could see Ijyb (strong).

Vanquished Creatures
  3 adders (D:2)
  4 dart slugs
  9 bats
  3 endoplasms (D:1)
  3 giant cockroaches
  10 goblins
  6 hobgoblins
  7 jackals
  7 kobolds
  4 quokkas
  4 ball pythons
  3 frilled lizards
  3 rats
66 creatures vanquished.

Notes
Turn   | Place    | Note
-------+----------+-------------------------------------------
     0 | D:1      | acebull12 the Demonspawn Fighter began the quest for the
                  | Orb.
     0 | D:1      | Reached XP level 1. HP: 18/18 MP: 1/1
   103 | D:1      | Gained mutation: You are partially covered in sharp spines.
                  | [demonic ancestry]
   103 | D:1      | Reached XP level 2. HP: 24/24 MP: 2/2
   391 | D:1      | Reached XP level 3. HP: 29/29 MP: 3/3
  1490 | D:2      | Reached XP level 4. HP: 35/35 MP: 4/4
  2180 | D:3      | Noticed Robin
  2197 | D:3      | Noticed Ijyb
  2206 | D:2      | Slain by Ijyb

Illustrated notes

Levels and vault maps discovered:
D:1:      spicycebolla_green_bress_n_ham, layout_loops_corners,
          chequers_mini_garden
D:2:      layout_loops_ring, kennysheep_flooded_box, grunt_ministairs_1
D:3:      layout_basic, hex_medium, uniq_ijyb, uniq_robin

Skill      XL: |  1  2 |
---------------+-------+-----
Armour         | 3 |  3.4
Long Blades    | 2 |  2.7
Shields        | 3 |  3.4
Fighting       | |  3.2
Dodging        | |  0.2
Stealth        | |  0.5

Action                   |  1- 3 |  4- 6 || total
-------------------------+-------+-------++-------
Melee: Long sword        |   107 |    28 ||   135
Armor: Scale mail        |    56 |    22 ||    78
Dodge: Dodged            |    49 |    14 ||    63
Block: Buckler           |    24 |     6 ||    30

Table legend: (Time is in decaauts)
 A = Elapsed time spent in this place.
 B = Non-inter-level travel time spent in this place.
 C = Inter-level travel time spent in this place.
 D = Time resting spent in this place.
 E = Time spent auto-exploring this place.
 F = Levels seen in this place.
 G = Mean time per level.
                   A        B        C        D        E       F      G
               +--------+--------+--------+--------+--------+-----+--------+
         Total |   2255 |   2159 |     96 |      0 |   1750 |   3 |  751.7 |
       Dungeon |   2255 |   2159 |     96 |      0 |   1750 |   3 |  751.7 |
               +--------+--------+--------+--------+--------+-----+--------+

Top non-repeatable levels by time:
     D:1: 953 daAuts
     D:2: 930 daAuts
     D:3: 372 daAuts
